 Dungeon Crawl Stone Soup version 0.31-a0-354-g827e095 (webtiles) character file.

Game seed: 13684625896522614571

334 Dawnplanks the Chopper (level 6, 0/53 HPs)
             Began as a Hill Orc Fighter on July 23, 2023.
             Slain by a goblin
             ... wielding a +0 dagger
             ... led by Robin
              (2 damage)
             ... on level 4 of the Dungeon.
             The game lasted 00:05:11 (2421 turns).

Dawnplanks the Chopper (Hill Orc Fighter)           Turns: 2421, Time: 00:05:11

Health: 0/53       AC:  9    Str: 21    XL:     6   Next: 53%
Magic:  6/6        EV:  9    Int:  8    God:
Gold:   279        SH:  4    Dex: 10    Spells: 5/5 levels left

rFire   . . .        a - +0 war axe
rCold   . . .        c - +0 buckler
rNeg    . . .        b - +0 scale mail
rPois   .            (no helmet)
rElec   .            h - +0 cloak
rCorr   .            (no gloves)
SInv    .            p - +0 pair of boots
Will    .....        (no amulet) Stlth
                     (no ring)
HPRegen 0.28/turn    (no ring)
MPRegen 0.10/turn

%: no passive effects
@: on berserk cooldown, slowed, very slow
A: no striking features
a: no special abilities


You were on level 4 of the Dungeon.
You visited 1 branch of the dungeon, and saw 4 of its levels.
You also visited: Sewer.

You collected 279 gold pieces.

Inventory:

Hand Weapons
 a - a +0 war axe (weapon)
Armour
 b - a +0 scale mail (worn)
 c - a +0 buckler (worn)
 h - a +0 cloak (worn)
 p - a +0 pair of boots (worn)
Wands
 j - a wand of roots (3)
 k - a wand of digging (3)
Scrolls
 f - a scroll of blinking {unknown}
 l - a scroll of butterflies {unknown}
 m - a scroll of poison {unknown}
 n - a scroll of teleportation {unknown}
 o - 2 scrolls of brand weapon {unknown}
 r - 2 scrolls of fog {unknown}
Potions
 d - 2 potions of might
 e - a potion of degeneration
 g - a potion of haste
 i - a potion of curing
 s - a potion of brilliance
 t - a potion of enlightenment


   Skills:
 + Level 4.5 Fighting
 * Level 6.8 Axes
 + Level 4.2 Armour
 + Level 0.9 Dodging
 + Level 3.9 Shields


You had 5 spell levels left.
You didn't know any spells.
Your spell library contained the following spells:

 Spells                   Type           Power      Damage    Failure   Level
 Shock                    Conj/Air       0%         1d3       80%         1
 Dazzling Flash           Conj/Hex       0%         N/A       99%         3
 Swiftness                Air            0%         N/A       99%         3
 Volatile Blastmotes      Fire/Tloc      0%         2d10      99%         3
 Airstrike                Air            0%         2d(0-16)  100%        4
 Starburst                Conj/Fire      0%         6d3       100%        6
 Maxwell's Capacitive Co  Air            0%         ∞         100%        8


Dungeon Overview and Level Annotations

Branches:
Dungeon (4/15)              Sewer (visited)
 Temple: D:4-7

Altars:
Vehumet
Zin

Annotations:
D:3 1 runed translucent door, Dawnplanks's ghost, amateur HOFi


Message History

Unknown command.
You completely miss Pikel.
Pikel is almost dead.
You barely miss Robin. You slash the iguana! You closely miss the lemure.
Robin hits you but does no damage. Pikel misses you.
The iguana barely misses you. The lemure hits you but does no damage.
A goblin comes into view. It is wielding a +0 club.
Unknown command.
You closely miss Pikel.
Pikel is almost dead.
You slash Robin!
You kill Robin!
You completely miss the iguana. You closely miss the lemure.
You are no longer berserk.
You are exhausted.
You feel yourself slow down. Pikel completely misses you. The iguana bites you!
* * * LOW HITPOINT WARNING * * *
You hit Pikel but do no damage.
Pikel is almost dead.
You closely miss the lemure. You hit the iguana.
You kill the iguana!
You hit the goblin.
Pikel hits you with a +0 whip of flaming!
* * * LOW HITPOINT WARNING * * *
Pikel burns you.
* * * LOW HITPOINT WARNING * * *
The goblin barely misses you. The lemure hits you but does no damage.
You block Pikel's attack. The goblin hits you but does no damage.
The goblin closely misses you. The lemure completely misses you.
A giant cockroach comes into view.
You slash Pikel!
You kill Pikel!
You barely miss the goblin. You hit the lemure but do no damage.
You barely miss the goblin.
With Pikel's spell broken, his former minions thank you for their freedom.
The lemure departs this earthly plane. x2
The goblin no longer looks unusually strong.
A hound comes into view.
The goblin hits you but does no damage. The goblin hits you with a +0 dagger.
You die...

..... ##### .... ##...##
... ##.....## ##.. ...
#[......###..##....
#..._...#.#...#...# ....#
#.......#)†).....# ....#
##.....##.@gK.#..# ....#
##...####gg.g...# ....#
##.## #..g...B.. ....##
#..#####.........
.....#.###..#..........#.
.......#....#..........#
..........#...##....h..#
##.....##.##..##........
.# #... ####.....#......


You could see a hound (wandering), a giant cockroach, 5 goblins and a kobold.

Vanquished Creatures
  Pikel (D:4)
  Pargi (Sewer)
  2 lemures (D:4)
  A scorpion (D:4)
  A hound (D:4)
  An iguana (D:4)
  Robin (D:4)
  3 adders
  A river rat (D:3)
  A worm (D:3)
  3 dart slugs
  4 ball pythons
  11 bats
  4 endoplasms
  4 giant cockroaches
  6 goblins
  4 hobgoblins
  3 jackals (D:1)
  5 quokkas
  A frilled lizard (D:3)
  5 kobolds
  7 rats
70 creatures vanquished.

Notes
Turn   | Place    | Note
-------+----------+-------------------------------------------
     0 | D:1      | Dawnplanks the Hill Orc Fighter began the quest for the
                  | Orb.
     0 | D:1      | Reached XP level 1. HP: 19/19 MP: 1/1
    98 | D:1      | Reached XP level 2. HP: 24/27 MP: 2/2
   210 | D:1      | Reached skill level 3 in Axes
   626 | D:2      | Reached XP level 3. HP: 28/33 MP: 3/3
   756 | D:2      | Found a faded altar of an unknown god.
  1488 | D:3      | Found a radiant altar of Vehumet.
  1508 | D:3      | Found a runed translucent door.
  1510 | D:3      | Noticed a bullfrog
  1510 | D:3      | Noticed Dawnplanks's ghost (amateur HOFi)
  1531 | D:3      | Reached skill level 4 in Axes
  1598 | D:3      | Reached XP level 4. HP: 40/40 MP: 4/4
  1611 | D:3      | Found a glowing drain.
  1615 | Sewer    | Entered a sewer
  1644 | Sewer    | Noticed Pargi
  1669 | Sewer    | Killed Pargi
  1670 | Sewer    | Reached skill level 5 in Axes
  1670 | Sewer    | Reached XP level 5. HP: 24/46 MP: 5/5
  2362 | D:4      | Reached skill level 6 in Axes
  2362 | D:4      | Reached XP level 6. HP: 51/53 MP: 6/6
  2379 | D:4      | Found a glowing silver altar of Zin.
  2401 | D:4      | Noticed Robin
  2401 | D:4      | Noticed Pikel
  2419 | D:4      | Killed Robin
  2420 | D:4      | HP: 2/53 [Pikel/+0 whip of flaming (2)]
  2421 | D:4      | Killed Pikel
  2421 | D:4      | Slain by a goblin

Illustrated notes

Levels and vault maps discovered:
D:1:      minmay_arrival_hallway, layout_rooms, chequers_serial_rivers_micro_a,
          kennysheep_boxes
D:2:      layout_loops_ring, serial_forest, infiniplex_forest_lined_1,
          infiniplex_forest_clump_cross, infiniplex_forest_clump_long,
          infiniplex_forest_clump_diagonal, infiniplex_forest_lined_3,
          infiniplex_forest_clump_C, infiniplex_forest_straight_5,
          ebering_ecumenical_altar_petrified
D:3:      layout_loops_ring, general_overflow_altar, gup_sewer_entry_bowl,
          ebering_ghost_sewer_d, chequers_serial_rivers_marsh,
          minmay_misc_feat_enclosed, nrook_campfire
D:4:      layout_cave_pools, lemuel_round_altar, uniq_robin, uniq_pikel

Skill      XL: |  1  2  3  4  5 |
---------------+----------------+-----
Axes           | 3 4 5 6 |  6.8
Fighting       | 4 |  4.5
Armour         | 4 |  4.2
Dodging        | |  0.9
Shields        | |  3.9

Action                     |  1- 3 |  4- 6 || total
---------------------------+-------+-------++-------
  Melee: War axe           |   191 |   100 ||   291
  Evoke: Wand              |       |     1 ||     1
    Use: Scroll            |       |     5 ||     5
         Potion            |       |     1 ||     1
 Armour: Scale mail        |    52 |    91 ||   143
  Dodge: Dodged            |    42 |    79 ||   121
  Block: Buckler           |    14 |    37 ||    51

Table legend: (Time is in decaauts)
 A = Elapsed time spent in this place.
 B = Non-inter-level travel time spent in this place.
 C = Inter-level travel time spent in this place.
 D = Time resting spent in this place.
 E = Time spent auto-exploring this place.
 F = Levels seen in this place.
 G = Mean time per level.
                   A        B        C        D        E       F      G
               +--------+--------+--------+--------+--------+-----+--------+
         Total |   2549 |   2423 |    126 |     15 |   1817 |   5 |  509.8 |
       Dungeon |   2358 |   2232 |    126 |     15 |   1689 |   4 |  589.5 |
         Sewer |    191 |    191 |      0 |      0 |    128 |   1 |  191.0 |
               +--------+--------+--------+--------+--------+-----+--------+

Top non-repeatable levels by time:
     D:2: 905 daAuts
     D:3: 692 daAuts
     D:1: 641 daAuts
   Sewer: 191 daAuts
     D:4: 119 daAuts
